 Seeded DCSS version 0.30.1-9-gdf580d7c3d (webtiles) character file.

Game seed: 7547814903460644772 (custom seed)

984 Psyclone the Tainter (level 8, -7/62 HPs)
             Began as an Octopode Venom Mage on Sept 27, 2023.
             Mangled by a wight
             ... wielding a +4 falchion
              (9 damage)
             ... on level 5 of the Dungeon.
             The game lasted 00:21:26 (4628 turns).

Psyclone the Tainter (Octopode Venom Mage)          Turns: 4628, Time: 00:21:27

Health: -7/62      AC:  1    Str:  7    XL:     8   Next: 17%
Magic:  6/17       EV: 13    Int: 19    God:
Gold:   328        SH:  0    Dex: 13    Spells: 12/19 levels left

rFire   . . .        k - +4 dagger (venom)
rCold   . . .        (no shield)
rNeg    . . .        (helmet restricted)
rPois   .            (no amulet)
rElec   .            (no ring)
rCorr   .            (no ring)
SInv    .            (no ring)
Will    .....        (no ring)
Stlth   +++          (no ring)
HPRegen 0.30/turn    (no ring)
MPRegen 0.15/turn    (no ring)
                     (no ring)

%: no passive effects
@: no status effects
A: almost no armour, amphibious, 8 rings, camouflage 1, gelatinous body 1,
(nimble swimmer 1), tentacles
a: no special abilities


You were on level 5 of the Dungeon.
You visited 1 branch of the dungeon, and saw 5 of its levels.
You also visited: Sewer.

You collected 328 gold pieces.

Inventory:

Hand Weapons
 k - a +4 dagger of venom (weapon)
Armour
 h - a +0 troll leather armour {Pargi}
Jewellery
 f - a +6 ring of dexterity
Scrolls
 c - a scroll of magic mapping {unknown}
 d - 2 scrolls of enchant armour {unknown}
 i - 2 scrolls of identify {unknown}
 l - a scroll of vulnerability {unknown}
 m - a scroll of teleportation {unknown}
 n - a scroll of immolation {unknown}
 o - a scroll of poison {unknown}
 t - 2 scrolls of enchant weapon {unknown}
 v - a scroll of amnesia {unknown}
Potions
 a - a potion of magic
 b - 4 potions of attraction {unknown}
 e - a potion of mutation {unknown}
 g - 2 potions of haste {unknown}
 j - a potion of heal wounds {unknown}
 p - 2 potions of might {unknown}
 q - a potion of degeneration {unknown}
 r - a potion of brilliance {unknown}
 s - a potion of cancellation {unknown}
 u - a potion of flight {unknown}
 w - a potion of resistance {unknown}


   Skills:
 - Level 8.6 Fighting
 - Level 2.0 Dodging
 - Level 2.6 Stealth
 - Level 6.2 Spellcasting
 - Level 1.0 Transmutations
 + Level 11.4 Poison Magic


You had 12 spell levels left.
You knew the following spells:

 Your Spells              Type           Power      Damage    Failure   Level
a - Poisonous Vapours     Pois/Air       54%        N/A       1%          2
v - Sting                 Tmut/Pois      100%       1d8       1%          1
x - Olgreb's Toxic Radia  Pois           49%        N/A       1%          4

Your spell library contained the following spells:

 Spells                   Type           Power      Damage    Failure   Level
 Mephitic Cloud           Conj/Pois/Air  20%        N/A       7%          3
 Blink                    Tloc           10%        N/A       17%         2
 Lesser Beckoning         Tloc           10%        N/A       17%         2
 Gell's Gravitas          Tloc           5%         N/A       32%         3
 Inner Flame              Hex/Fire       5%         N/A       32%         3
 Teleport Other           Tloc           5%         N/A       32%         3
 Manifold Assault         Tloc           5%         N/A       73%         4
 Yara's Violent Unravell  Hex/Tmut       3%         3d4       94%         5
 Freezing Cloud           Conj/Ice/Air   2%         6-21      97%         5
 Enfeeble                 Hex            2%         N/A       100%        7
 Storm Form               Tmut/Air       3%         N/A       100%        7


Dungeon Overview and Level Annotations

Branches:
Dungeon (5/15) Zot: 23164   Sewer (visited)
 Temple: D:4-7

Altars:
Ashenzari
Gozag
Makhleb
Nemelex Xobeh
Okawaru
Ru
Wu Jian
Yredelemnul
Zin


Innate Abilities, Weirdness & Mutations

You cannot wear most types of armour.
You are amphibious.
You can wear up to eight rings at the same time.
Your skin changes colour to match your surroundings (Stealth+).
Your rubbery body absorbs attacks. (AC +1, EV +1)
((You are camouflaged when in or above water. (Stealth+)))
You have tentacles for arms and can constrict up to eight enemies at once.


Message History

Your toxic aura wanes.
The centaur shoots an arrow.
The arrow hits you.
You take 2 damage, and have 47/62 hp.
The centaur shoots an arrow.
The arrow hits you.
You take 4 damage, and have 43/62 hp.
The centaur shoots an arrow.
The arrow hits you!
You take 12 damage, and have 31/62 hp.
The centaur shoots an arrow.
The arrow hits you!!
* * * LOW HITPOINT WARNING * * *
You take 17 damage, and have 14/62 hp.
MASSIVE DAMAGE!!
Casting: Olgreb's Toxic Radiance (dangerous; 1% risk of failure)
Confirm with . or Enter, or press ? or * to list all spells.
Aiming: Poisonous Vapours (safe; 1% risk of failure)
Press: ? - help, Dir - move target, f - centaur
Aim: a centaur, wielding a +0 heavy shortbow (heavily wounded, poisoned) Poisonous vapours surround the centaur!
The centaur looks even sicker.
You now have 7/17 mp.
Casting: Poisonous Vapours (safe; 1% risk of failure)
Confirm with . or Enter, or press ? or * to list all spells.
Aiming: Poisonous Vapours (safe; 1% risk of failure)
Press: ? - help, Dir - move target, f/p - centaur
Aim: a centaur, wielding a +0 heavy shortbow (severely wounded, very poisoned) Poisonous vapours surround the centaur!
The centaur looks as sick as possible!
The centaur shoots an arrow.
The arrow closely misses you.
You now have 5/17 mp.
The centaur shoots an arrow.
The arrow hits you!
* * * LOW HITPOINT WARNING * * *
You take 7 damage, and have 8/62 hp.
The wight barely misses you. The wight attacks as you move away!
The wight hits you with a +4 falchion!
* * * LOW HITPOINT WARNING * * *
You take 8 damage, and have 1/62 hp.
The wight attacks as you move away! The wight misses you.
You feel a bit more experienced.
You see here 3 stones.
You puncture the wight! You grab the wight.
The wight is heavily damaged.
You constrict the wight, but do no damage.
The wight hits you with a +4 falchion!
You die...

#.# ...## ##.## ###
##...## ###.....###
#.c.......#
#.#.....#.#
####.##...##.#####.
#....z...###.......
#.....@............
#..)..)....))).)...
#.......#####.####.
#..[<...# #
#.......# #...#####
#..'#.#.#+
#)##..#..#
#.#.._#_..#


You could see a wight.

Vanquished Creatures
  Pargi (Sewer)
  4 ogres
  A centaur (D:5)
  A scorpion (D:5)
  Crazy Yiuf (D:3)
  A hound (D:4)
  Jessica (D:2)
  Natasha (D:3)
  3 orc wizards
  6 adders
  A river rat (D:4)
  7 worms
  A dart slug (D:3)
  10 orcs
  4 ball pythons
  4 bats
  4 endoplasms
  2 giant cockroaches
  9 goblins
  10 hobgoblins
  6 jackals
  2 quokkas (D:2)
  4 frilled lizards
  8 kobolds
  2 rats (D:1)
94 creatures vanquished.

Notes
Turn   | Place    | Note
-------+----------+-------------------------------------------
     0 | D:1      | Psyclone the Octopode Venom Mage began the quest for the
                  | Orb.
     0 | D:1      | Reached XP level 1. HP: 11/11 MP: 3/3
   162 | D:1      | Reached skill level 4 in Poison Magic
   265 | D:1      | Reached XP level 2. HP: 13/17 MP: 0/5
   282 | D:1      | Reached skill level 8 in Poison Magic
   282 | D:1      | Reached XP level 3. HP: 21/21 MP: 1/10
   352 | D:1      | Learned a level 2 spell: Poisonous Vapours
   352 | D:1      | Reached XP level 4. HP: 40/40 MP: 12/12
   361 | D:1      | Learned a level 4 spell: Olgreb's Toxic Radiance
   418 | D:4      | Noticed an ogre
   459 | D:4      | Found a basalt altar of Yredelemnul.
   465 | D:4      | Noticed an ogre
   475 | D:4      | Killed an ogre
   476 | D:4      | Reached skill level 9 in Poison Magic
   476 | D:4      | Reached XP level 5. HP: 39/45 MP: 3/13
   495 | D:5      | Entered Level 5 of the Dungeon
   502 | D:5      | Found an opulent altar of Gozag.
   502 | D:5      | Found a sacrificial altar of Ru.
   503 | D:5      | Found an iron altar of Okawaru.
  1075 | D:4      | Found a glowing drain.
  1182 | Sewer    | Entered a sewer
  1355 | Sewer    | Noticed Pargi
  1382 | Sewer    | Killed Pargi
  1383 | Sewer    | Reached XP level 6. HP: 51/51 MP: 4/15
  1536 | D:4      | Found a burning altar of Makhleb.
  1540 | D:4      | Found a glowing silver altar of Zin.
  1540 | D:4      | Noticed a balrug
  1540 | D:4      | Noticed an angel
  1782 | D:4      | Found a sparkling altar of Nemelex Xobeh.
  1798 | D:4      | Reached skill level 10 in Poison Magic
  1798 | D:4      | Reached XP level 7. HP: 28/56 MP: 8/16
  2767 | D:2      | Noticed Jessica
  2770 | D:2      | Killed Jessica
  3303 | D:1      | Found a faded altar of an unknown god.
  3885 | D:3      | Found an ornate altar of the Wu Jian Council.
  3906 | D:3      | Noticed Natasha
  3913 | D:3      | Killed Natasha
  4044 | D:3      | Found a runed translucent door.
  4045 | D:3      | Noticed Crazy Yiuf
  4054 | D:3      | Killed Crazy Yiuf
  4318 | D:3      | Found a broken altar of Ashenzari.
  4598 | D:5      | Reached skill level 11 in Poison Magic
  4598 | D:5      | Reached XP level 8. HP: 61/62 MP: 10/17
  4625 | D:5      | HP: 1/62 [wight/+4 falchion (8)]
  4628 | D:5      | Mangled by a wight

Illustrated notes

Levels and vault maps discovered:
D:1:      lordsloth_arrival_two_stooges, layout_basic,
          chequers_ecumenical_altar_simple
D:2:      layout_loops_ring, uniq_jessica
D:3:      layout_loops_cross, ashenzari_conservatory_becter,
          nzn_wu_jian_council_hall, chequers_serial_rivers_room_a,
          grunt_decor_cap, hangedman_abyss_or_decor_lesser_grid,
          hangedman_decor_peaks_small, minmay_gold_behind_fungi, uniq_natasha,
          uniq_crazy_yiuf_cottage
D:4:      layout_loops_ring, grunt_temple_overflow_order_and_chaos_2,
          yredelemnul_altar_generic, nemelex_dance_club_becter,
          gup_sewer_entry_bubbles
D:5:      layout_loops_ring, grunt_temple_overflow_growth_and_decay,
          nicolae_overflow_quartered_altars, doesnt_shop_hydraphobe

Skill      XL: |  1  2  3  4  5  6  7 |
---------------+----------------------+-----
Poison Magic   | 4 8 9 10 11 | 11.4
Spellcasting   | 6 |  6.2
Fighting       | 8 |  8.6
Dodging        | |  2.0
Stealth        | |  2.6
Transmutations | |  1.0

Action                     |  1- 3 |  4- 6 |  7- 9 || total
---------------------------+-------+-------+-------++-------
  Melee: Unarmed           |     2 |     9 |     5 ||    16
         Constrict         |     1 |     6 |    15 ||    22
         Tentacles         |     1 |     2 |    13 ||    16
         Dagger            |       |       |    50 ||    50
   Cast: Sting             |    13 |       |     2 ||    15
         Poisonous Vapours |       |    53 |    23 ||    76
         Olgreb's Toxic Ra |       |     8 |    11 ||    19
    Use: Potion            |     2 |       |       ||     2
   Stab: Sleeping          |       |       |     8 ||     8
 Armour: Skin              |     2 |     4 |     5 ||    11
  Dodge: Dodged            |     5 |    27 |    40 ||    72
